 Dungeon Crawl Stone Soup version 0.27-a0-333-gfa571bf19a (webtiles) character file.

Game seed: 6788234524312409022

6 ReteAZ the Firebug (level 1, 0/11 HPs)
             Began as an Octopode Fire Elementalist on Feb 12, 2021.
             Slain by an adder (3 damage)
             ... on level 2 of the Dungeon.
             The game lasted 00:00:56 (1044 turns).

ReteAZ the Firebug (Octopode Fire Elementalist)     Turns: 1044, Time: 00:00:56

Health: 0/11       AC:  1    Str:  7    XL:     1   Next: 90%
Magic:  0/3        EV: 13    Int: 17    God:
Gold:   47         SH:  0    Dex: 12    Spells: 3/4 levels left

rFire    . . .     SeeInvis .   (no weapon)
rCold    . . .     Faith    .   (no shield)
rNeg     . . .     Spirit   .   (helmet restricted)
rPois    .         Reflect  .   (no amulet)
rElec    .         Harm     .   (no ring)
rCorr    .         Rampage  .   (no ring)
Will     .....                  (no ring)
Stlth    +++.......             (no ring)
HPRegen  0.03/turn              (no ring)
MPRegen  0.08/turn              (no ring)
                                (no ring)
                                (no ring)

@: no status effects
A: almost no armour, stealthy swim, amphibious, 8 rings, constrict 8, camouflage
1, gelatinous body 1
a: no special abilities


You were on level 2 of the Dungeon.
You visited 1 branch of the dungeon, and saw 2 of its levels.

You collected 47 gold pieces.

Inventory:

Scrolls
 d - a scroll of teleportation {unknown}
 e - a scroll of amnesia {unknown}
Potions
 a - 2 potions of curing {unknown}
 b - a potion of invisibility {unknown}
 c - a potion of cancellation {unknown}


   Skills:
 - Level 2.0 Dodging
 - Level 2.6 Stealth
 + Level 2.1 Spellcasting
 + Level 1.2 Conjurations
 * Level 3.2 Fire Magic


You had 3 spell levels left.
You knew the following spells:

 Your Spells              Type           Power        Failure   Level
a - Foxfire               Conj/Fire      36%          8%          1

Your spell library contained the following spells:

 Spells                   Type           Power        Failure   Level
 Conjure Flame            Conj/Fire      9%           22%         3
 Inner Flame              Hex/Fire       7%           30%         3
 Sticky Flame             Conj/Fire      9%           58%         4
 Fireball                 Conj/Fire      4%           91%         5


Dungeon Overview and Level Annotations

Branches:
Dungeon (2/15)

Altars:


Innate Abilities, Weirdness & Mutations

You cannot wear most types of armour.
You are very stealthy in the water. (Stealth+)
You are amphibious.
You can wear up to eight rings at the same time.
You can use your tentacles to constrict eight enemies at once.
Your skin changes colour to match your surroundings (Stealth+).
Your rubbery body absorbs attacks. (AC +1, EV +1)


Message History

Magic restored.
An adder comes into view.
The adder hisses angrily.
An adder is nearby!
An adder is nearby!
You conjure some foxfire!
Your foxfire dissipates!
The foxfire hits the adder but does no damage.
You conjure some foxfire!
You conjure some foxfire!
You are too depleted to draw on your mana recklessly!
The foxfire hits the adder but does no damage. x2
Your foxfire dissipates!
You tentacle-slap the adder. Your grab misses the adder.
The adder is lightly wounded.
The adder bites you but does no damage. The adder closely misses you.
You barely miss the adder. Your grab misses the adder.
The adder is lightly wounded.
The adder bites you.
You miss the adder. You grab the adder.
The adder is lightly wounded.
You constrict the adder. The adder barely misses you.
You conjure some foxfire!
You constrict the adder. The adder closely misses you.
You tentacle-slap the adder but do no damage.
The adder is moderately wounded.
You constrict the adder.
The foxfire hits the adder.
The adder is severely wounded.
The foxfire hits the adder but does no damage.
The adder is severely wounded.
The adder bites you. x2
* * * LOW HITPOINT WARNING * * *
You barely miss the adder.
The adder is severely wounded.
You constrict the adder. The adder closely misses you.
You tentacle-slap the adder but do no damage.
You squeeze the adder, but do no damage.
The adder is severely wounded.
You constrict the adder. The adder bites you.
You die...

#########.
######.........
#...##.#######.
###...##.#
#..<.....#
#........#
#...@S..##
###...###
#...## ##...#
#)..# #...#
##.## ###.####
#......#


You could see an adder.

Vanquished Creatures
  A giant cockroach (D:1)
  2 bats (D:1)
  A frilled lizard (D:1)
  2 kobolds
  A rat (D:1)
7 creatures vanquished.

Vanquished Creatures (others)
  22 foxfires
22 creatures vanquished.

Grand Total: 29 creatures vanquished

Notes
Turn   | Place    | Note
-------+----------+-------------------------------------------
     0 | D:1      | ReteAZ the Octopode Fire Elementalist began the quest for
                  | the Orb.
     0 | D:1      | Reached XP level 1. HP: 11/11 MP: 3/3
  1044 | D:2      | Slain by an adder

Illustrated notes

Levels and vault maps discovered:
D:1:      elethiomel_arrival_infinity_welcomes_careful_drivers,
          layout_loops_corners
D:2:      layout_loops_cross, nicolae_qazlal_eye_of_the_storm,
          kennysheep_slug_shrine

Action                   || total
-------------------------++-------
Melee: Unarmed           ||     6
       Constrict         ||     1
       Tentacles         ||     1
 Cast: Foxfire           ||    18
Armor: Skin              ||     2
Dodge: Dodged            ||     6

Table legend: (Time is in decaauts)
 A = Elapsed time spent in this place.
 B = Non-inter-level travel time spent in this place.
 C = Inter-level travel time spent in this place.
 D = Time resting spent in this place.
 E = Time spent auto-exploring this place.
 F = Levels seen in this place.
 G = Mean time per level.
                   A        B        C        D        E       F      G
               +--------+--------+--------+--------+--------+-----+--------+
         Total |   1043 |   1011 |     32 |     47 |    895 |   2 |  521.5 |
       Dungeon |   1043 |   1011 |     32 |     47 |    895 |   2 |  521.5 |
               +--------+--------+--------+--------+--------+-----+--------+

Top non-repeatable levels by time:
     D:1: 945 daAuts
     D:2: 98 daAuts
